 Dungeon Sprint DCSS version 0.31.0 (webtiles) character file.

Game seed: 12505815994775626702

72978 Groucho the End of an Era (level 15, -1/114 HPs)
             Began as a Gargoyle Fighter on Jan 19, 2024.
             Was the Champion of Qazlal.
             Killed from afar by an orb of fire (22 damage)
             ... with a fireball
             ... in the Dungeon (Sprint V: "Ziggurat Sprint").
             The game lasted 00:16:07 (3731 turns).

Groucho the End of an Era (Gargoyle Fighter)        Turns: 3731, Time: 00:16:08

Health: -1/114     AC: 52    Str: 31    XL:     15   Next: 41%
Magic:  19/32      EV:  3    Int:  9    God:    Qazlal [******]
Gold:   0          SH: 42    Dex: 18    Spells: 14/14 levels left

rFire   + . .        a - +6 shillelagh "Devastator" {shatter}
rCold   + + .        c - +18 shield of the Gong {Loud rN+ Will+ rCorr EV-5}
rNeg    + + .        b - +15 Maxwell's patent armour {-Cast -Tele rElec Will+ rCorr}
rPois   ∞            U - +1 helmet {SInv}
rElec   +            (no cloak)
rCorr   +            V - +0 pair of fencer's gloves {Riposte Dex+3}
SInv    +            k - +0 pair of boots {rampage}
Will    +++..        (no amulet) Stlth
                     p - +6 ring of strength
HPRegen 0.39/turn    L - ring "Feother" {Fly rC++ Dex+6}
MPRegen 0.23/turn

%: no teleportation, no spellcasting, repel missiles, rampage
@: on fire, protected from fire, flying, glowing, studying 4 skills
A: sickness immunity, AC +11, big wings, negative energy resistance 1,
electricity resistance, torment resistance 1, petrification resistance, dopey 1
a: Renounce Religion, Upheaval, Elemental Force, Disaster Area


You were in the Dungeon.
You worshipped Qazlal.
Qazlal was exalted by your worship.
You visited 1 branch

Inventory:

Hand Weapons
 a - the +6 shillelagh "Devastator" (weapon) {shatter}
   (You found it in the Dungeon)
 D - a +5 hand cannon
 P - the +4 consecrated labrys {holy, Valiant ^Fragile Fly SInv}
   (You took it off a frost giant in the Dungeon)

   Valiant:   It becomes more powerful as more dangerous foes come into view.
   SInv:      It lets you see invisible.
   Fly:       It grants you flight.
   ^Fragile:  It will be destroyed if unequipped.
 Y - the +8 mithril axe "Arga" {speed, Will+}
   (You found it in the Dungeon)

   Will+:     It increases your willpower.
Missiles
 H - a throwing net (quivered)
Armour
 b - the +15 Maxwell's patent armour (worn) {-Cast -Tele rElec Will+ rCorr}
   (You found it in the Dungeon)

   rElec:     It insulates you from electricity.
   Will+:     It increases your willpower.
   -Cast:     It prevents spellcasting.
   -Tele:     It prevents most forms of teleportation.
   rCorr:     It protects you from acid and corrosion.
 c - the +18 shield of the Gong (worn) {Loud rN+ Will+ rCorr EV-5}
   (You found it in the Dungeon)

   Loud:      It is deafeningly noisy when blocking attacks.
   EV-5:      It affects your evasion (-5).
   rN+:       It protects you from negative energy.
   Will+:     It increases your willpower.
   rCorr:     It protects you from acid and corrosion.
 k - a +0 pair of boots of rampaging (worn)
 C - +5 gold dragon scales
 G - the +3 robe of Clouds {*Thunder rCloud rElec}
   (You found it in the Dungeon)

   *Thunder:  It occasionally creates storm clouds above nearby enemies.
   rCloud:    It grants its wearer immunity to clouds.
   rElec:     It insulates you from electricity.
 Q - the +3 warlock's mirror {omnireflect}
   (You found it in the Dungeon)

   Omnireflect: It can block and reflect piercing ranged attacks and magical
   attacks against the wielder's willpower.
 U - a +1 helmet of see invisible (worn)
 V - the +0 pair of fencer's gloves (worn) {Riposte Dex+3}
   (You found it in the Dungeon)

   Riposte:   It allows the wearer to riposte with melee weapons, swiftly
   retaliating against missed or blocked melee attacks.
   Dex+3:     It affects your dexterity (+3).
Jewellery
 m - a +6 ring of dexterity
 n - a ring of willpower
 o - a +6 ring of intelligence
 p - a +6 ring of strength (left hand)
 q - a +6 ring of strength
 F - the amulet "Loit" {Faith Str+3}
   (You found it in the Dungeon)

   [amulet of faith]

   Faith:     It allows you to gain divine favour quickly.
   Str+3:     It affects your strength (+3).
 I - a +4 ring of protection
 J - the ring "Garaut" {Int+3 SInv}
   (You found it in the Dungeon)

   [ring of see invisible]

   Int+3:     It affects your intelligence (+3).
   SInv:      It lets you see invisible.
 K - a ring of protection from cold
 L - the ring "Feother" (right hand) {Fly rC++ Dex+6}
   (You found it in the Dungeon)

   [ring of dexterity]

   Dex+6:     It affects your dexterity (+6).
   rC++:      It greatly protects you from cold.
   Fly:       It grants you flight.
 M - the ring of Nummoifuod {rF+ rC+}
   (You found it in the Dungeon)

   [ring of protection from fire]

   rF+:       It protects you from fire.
   rC+:       It protects you from cold.
 O - a ring of positive energy
 Z - a ring of protection from fire
Wands
 r - a wand of mindburst (32)
 s - a wand of iceblast (36)
 t - a wand of acid (7)
 R - a wand of flame (37)
 S - a wand of paralysis (14)
Scrolls
 j - 4 scrolls of blinking
 l - a scroll of acquirement
 y - 4 scrolls of amnesia
 z - 7 scrolls of fog
 A - 5 scrolls of identify
 B - 2 scrolls of fear
 E - 4 scrolls of brand weapon
 N - 4 scrolls of enchant weapon
Potions
 d - 5 potions of might
 e - 10 potions of curing
 f - 13 potions of heal wounds
 g - 6 potions of haste
 h - 7 potions of magic
 i - 3 potions of berserk rage
 u - 2 potions of brilliance
 v - 2 potions of invisibility
 w - 4 potions of resistance
 x - a potion of experience
Miscellaneous
 T - a box of beasts
 W - a phantom mirror
 X - a lightning rod (4/4)


   Skills:
 + Level 20.7 Fighting
 + Level 18.4 Maces & Flails
 + Level 20.2 Armour
 + Level 20.2 Shields
 * Level 26.5 Invocations


You had 14 spell levels left.
You didn't know any spells.
Your spell library contained the following spells:

 Spells                   Type           Power      Damage    Failure   Level
 Apportation              Tloc           0%         N/A       88%         1
 Foxfire                  Conj/Fire      0%         2x1d4     88%         1
 Kiss of Death            Conj/Necr      0%         2d5       88%         1
 Magic Dart               Conj           0%         1d3       88%         1
 Necrotise                Necr           0%         1d4       88%         1
 Shock                    Conj/Air       0%         1d3       88%         1
 Slow                     Hex            0%         N/A       88%         1
 Sting                    Conj/Alch      0%         1d3       88%         1
 Summon Small Mammal      Summ           0%         N/A       88%         1
 Blink                    Tloc           0%         N/A       96%         2
 Call Imp                 Summ           0%         N/A       96%         2
 Ensorcelled Hibernation  Hex/Ice        0%         N/A       96%         2
 Lesser Beckoning         Tloc           0%         N/A       96%         2
 Static Discharge         Conj/Air       0%         3-3/arc   96%         2
 Call Canine Familiar     Summ           0%         N/A       99%         3
 Dazzling Flash           Conj/Hex       0%         N/A       99%         3
 Gell's Gravitas          Tloc           0%         N/A       99%         3
 Inner Flame              Hex/Fire       0%         N/A       99%         3
 Mephitic Cloud           Conj/Alch/Air  0%         N/A       99%         3
 Ozocubu's Armour         Ice            0%         N/A       99%         3
 Passwall                 Erth           0%         N/A       99%         3
 Sigil of Binding         Hex            0%         N/A       99%         3
 Stone Arrow              Conj/Erth      0%         3d7       99%         3
 Summon Ice Beast         Ice/Summ       0%         N/A       99%         3
 Swiftness                Air            0%         N/A       99%         3
 Teleport Other           Tloc           0%         N/A       99%         3
 Tukima's Dance           Hex            0%         N/A       99%         3
 Vampiric Draining        Necr           0%         2d6       99%         3
 Animate Armour           Summ/Erth      0%         N/A       100%        4
 Cause Fear               Hex            0%         N/A       100%        4
 Dimensional Bullseye     Hex/Tloc       0%         N/A       100%        4
 Flame Wave               Conj/Fire      0%         2d4       100%        4
 Ignite Poison            Fire/Alch      0%         N/A       100%        4
 Iskenderun's Mystic Bla  Conj/Tloc      0%         2d3       100%        4
 Leda's Liquefaction      Alch/Erth      0%         N/A       100%        4
 Martyr's Knell           Necr/Summ      0%         N/A       100%        4
 Olgreb's Toxic Radiance  Alch           0%         N/A       100%        4
 Passage of Golubria      Tloc           0%         N/A       100%        4
 Petrify                  Alch/Erth      0%         N/A       100%        4
 Summon Blazeheart Golem  Fire/Summ      0%         N/A       100%        4
 Summon Lightning Spire   Summ/Air       0%         N/A       100%        4
 Vhi's Electric Charge    Tloc/Air       0%         N/A       100%        4
 Alistair's Intoxication  Alch           0%         N/A       100%        5
 Arcjolt                  Conj/Air       0%         1d10      100%        5
 Borgnjor's Vile Clutch   Necr/Erth      0%         N/A       100%        5
 Curse of Agony           Necr           0%         N/A       100%        5
 Freezing Cloud           Conj/Ice/Air   0%         6-21      100%        5
 Irradiate                Conj/Alch      0%         3d11      100%        5
 Lee's Rapid Deconstruct  Erth           0%         3d4*      100%        5
 Summon Forest            Summ/Tloc      0%         N/A       100%        5
 Summon Mana Viper        Hex/Summ       0%         N/A       100%        5
 Yara's Violent Unravell  Hex/Alch       0%         3d3       100%        5
 Bombard                  Conj/Erth      0%         9d1       100%        6
 Dispersal                Tloc           0%         N/A       100%        6
 Eringya's Noxious Bog    Alch           0%         4d6       100%        6
 Plasma Beam              Fire/Air       0%         2x1d10    100%        6
 Malign Gateway           Summ/Tloc      0%         N/A       100%        7
 Monstrous Menagerie      Summ           0%         N/A       100%        7
 Ozocubu's Refrigeration  Ice            0%         4d7       100%        7
 Summon Hydra             Summ           0%         N/A       100%        7
 Discord                  Hex            0%         N/A       100%        8
 Disjunction              Tloc           0%         N/A       100%        8
 Ignition                 Fire           0%         3d3       100%        8
 Infestation              Necr           0%         N/A       100%        8
 Maxwell's Capacitive Co  Air            0%         ∞         100%        8
 Chain Lightning          Conj/Air       0%         N/A       100%        9
 Fire Storm               Conj/Fire      0%         5d1       100%        9
 Cigotuvi's Dreadful Rot  Necr/Alch/Air  Unusable   N/A       N/A         2
 Sublimation of Blood     Necr           Unusable   N/A       N/A         2

Dungeon Overview and Level Annotations

Branches:
Dungeon (1/1)

Altars:
Ashenzari
Cheibriados
Dithmenos
Elyvilon
Fedhas
Gozag
Hepliaklqana
Kikubaaqudgha
Makhleb
Nemelex Xobeh
Okawaru
Qazlal
Ru
Sif Muna
Trog
Uskayaw
Vehumet
Wu Jian
Xom
Yredelemnul
Zin
The Shining One
Jiyva
Lugonu


Innate Abilities, Weirdness & Mutations

You are immune to sickness and miasma.
Your stone body is resilient. (AC +11)
You are immune to poison.
Your large and strong wings let you fly.
You resist negative energy. (rN+)
You are resistant to electric shocks. (rElec)
You are resistant to unholy torment.
You are immune to petrification.
You are dopey. (Int -2)


Message History

You destroy the fire elemental!
Qazlal accepts your kill. The blast of magma engulfs you. You partially resist.
The blast of magma engulfs the orb of fire!
The orb of fire partially resists.
The orb of fire is heavily damaged.
The balrug gestures at you. The pyre arrow hits you.
You are covered in intense liquid fire!
The orb of fire sizzles in the rain.
The orb of fire emits a lurid red light.
Strange energies course through your body.
You feel stupid.
Unknown command.
Unknown command.
Unknown command.
You completely miss the orb of fire.
The orb of fire is moderately damaged.
The liquid fire burns you!
The orb of fire sizzles in the rain.
The orb of fire glows bright magenta.
The fireball explodes!
The fireball engulfs you!! You resist.
* * * LOW HITPOINT WARNING * * *
The fireball engulfs the orb of fire.
The orb of fire completely resists.
You hear a sizzling sound!
The orb of fire glows red.
The fireball explodes!
The fireball engulfs the orb of fire.
The orb of fire completely resists.
The fireball engulfs the orb of fire.
The orb of fire completely resists.
The fireball engulfs you! You resist.
You feel more protected from fire.
* * * LOW HITPOINT WARNING * * *
Unknown command.
Unknown command.
Unknown command.
You feel much better. The liquid fire burns you!
* * * LOW HITPOINT WARNING * * *
The orb of fire glows yellow.
The fireball explodes!
The fireball engulfs you!! You resist.
You die...

▓..[.[. ▓...)§:|/°§%.=
▓..)... ▓..).§:)[§§§.|
▓.....) ▓....)≈°))§§..
▓...=.. ▓...))≈§≈.§)...
▓......
▓...≈.D)≈°......▓......
▓...≈§*§≈)......▓..▓...
▓≈≈≈○☼*○.≈2§....▓.▓.▓..
▓≈..○○@≈........▓..▓...
▓v..§≈.○....... ▓......
▓...▓.°.....▓. ▓......
▓.. ▓▓..v..▓▓ .▓▓▓▓▓▓▓
▓...▓.......▓...▓.....8
▓...............▓..|.=.
▓.......©.......▓.....[
▓▓▓▓▓▓▓▓▓▓▓▓▓▓▓▓▓...)..
▓......


You could see 2 orbs of fire, a fire dragon, a balrug and 2 fire vortices.

Vanquished Creatures
  An orb of fire (D)
  A lich (D)
  A deep elf master archer (D)
  An acid blob (D)
  A tentacled starspawn (D)
  2 azure jellies (D)
  2 rockslimes (D)
  A frost giant (D)
  A deep elf sorcerer (D)
  6 fire giants (D)
  3 balrugs (D)
  3 orc warlords (D)
  2 stone giants (D)
  A broodmother (D)
  A deep elf demonologist (D)
  3 deep elf annihilators (D)
  4 fire dragons (D)
  2 great orbs of eyes (D)
  A jorogumo (D)
  6 dancing weapons (D)
  3 two-headed ogres (D)
  A demonic crawler (D)
  2 hell hogs (D)
  A vampire mage (D)
  9 deep elf knights (D)
  2 pharaoh ants (D)
  2 deep elf archers (D)
  7 deep elf pyromancers (D)
  A steelbarb worm (D)
  7 necromancers (D)
  3 orc knights (D)
  3 deep elf zephyrmancers (D)
  5 orc sorcerers (D)
  A moth of wrath (D)
  2 cyclopes (D)
  A kobold blastminer (D)
  2 cane toads (D)
  A komodo dragon (D)
  4 efreet (D)
  3 trolls (D)
  8 merfolk (D)
  A hornet (D)
  4 wind drakes (D)
  A glass eye (D)
  A tarantella (D)
  5 slime creatures (D)
  4 jumping spiders (D)
  Sigmund (D)
  A vampire (D)
  A yak (D)
  6 shadows (D)
  2 wargs (D)
  A golden eye (shapeshifter) (D)
  2 redbacks (D)
  4 fire elementals (D)
  5 water moccasins (D)
  2 orc warriors (D)
  6 hell hounds (D)
  3 ogres (D)
  A centaur (D)
  2 wolves (D)
  2 bullfrogs (D)
  3 necrophages (D)
  An earth elemental (D)
  2 scorpions (D)
  A wight (D)
  A crimson imp (D)
  3 jellies (D)
  2 orc priests (D)
  2 iron imps (D)
  Jessica (D)
  An iguana (D)
  4 ufetubi (D)
  4 adder zombies (D)
  A bat zombie (D)
  3 endoplasms (D)
  3 ball python skeletons (D)
  A ball python zombie (D)
  2 giant cockroach zombies (D)
  A jackal zombie (D)
  2 quokka zombies (D)
  A fire vortex (D)
205 creatures vanquished.

Vanquished Creatures (others)
  A fire giant (D)
  A fire elemental (D)
  2 starspawn tentacles (D)
4 creatures vanquished.

Grand Total: 209 creatures vanquished

Notes
Turn   | Place    | Note
-------+----------+-------------------------------------------
     0 | D        | Groucho the Gargoyle Fighter began the quest for the Orb.
     0 | D        | Reached XP level 1. HP: 14/14 MP: 1/1
    13 | D        | Found a blossoming altar of Fedhas.
    13 | D        | Found the +6 Majin-Bo {spellvamp, MP+6 Int+6}
    13 | D        | Found the +27 heavy crossbow "Sniper" {heavy, Acc+∞ SInv}
    13 | D        | Found the +10 dark maul {heavy}
    13 | D        | Found the +15 Maxwell's patent armour {-Cast -Tele rElec
                  | Will+ rCorr}
    13 | D        | Found the +18 shield of the Gong {Loud rN+ Will+ rCorr
                  | EV-5}
    13 | D        | Found the +16 obsidian axe {drain, demonic, Mesm ^Drain Fly
                  | SInv}
    13 | D        | Found the +7 great mace "Firestarter" {flame, immolate,
                  | rFlCloud rF++}
    13 | D        | Found the +6 shillelagh "Devastator" {shatter}
    13 | D        | Found the +11 plutonium sword {^Contam Stlth-}
    13 | D        | Found the +8 lance "Wyrmbane" {slay drac, rPois rF+ rC+
                  | AC+3}
    13 | D        | Found the +9 sword of Zonguldrok {reap}
    13 | D        | Found the +13 scythe of Curses {drain, curses, ^Drain}
    13 | D        | Found the +9 sword of Power {lifebolt}
    13 | D        | Found the +7 mace of Variability {chaos, chaos arc}
    13 | D        | Found the +11 Singing Sword {sonic wave}
    13 | D        | Found the +8 storm bow {elec, penet}
    14 | D        | Found a transporter.
    14 | D        | Found a viscous altar of Jiyva.
    14 | D        | Found an ancient bone altar of Kikubaaqudgha.
    14 | D        | Found a hazy altar of Hepliaklqana.
    14 | D        | Found a corrupted altar of Lugonu.
    14 | D        | Found an opulent altar of Gozag.
    14 | D        | Found a burning altar of Makhleb.
    19 | D        | Found an iron altar of Okawaru.
    19 | D        | Found a sparkling altar of Nemelex Xobeh.
    19 | D        | Found a stormy altar of Qazlal.
    19 | D        | Found a sacrificial altar of Ru.
    19 | D        | Found a shimmering blue altar of Sif Muna.
    40 | D        | Found a bloodstained altar of Trog.
    84 | D        | Became a worshipper of Ru the Awakened
    89 | D        | Fell from the grace of Ru
    89 | D        | Became a worshipper of Qazlal Stormbringer
   102 | D        | Entered arena 2.
   102 | D        | Noticed Sigmund
   102 | D        | Noticed Jessica
   102 | D        | Found a transporter.
   104 | D        | Killed Jessica
   105 | D        | Reached XP level 2. HP: 20/20 MP: 2/2
   105 | D        | Reached XP level 3. HP: 25/25 MP: 3/3
   108 | D        | Killed Sigmund
   109 | D        | Reached XP level 4. HP: 34/34 MP: 4/4
   109 | D        | Reached XP level 5. HP: 38/38 MP: 5/5
   118 | D        | Entered arena 3.
   118 | D        | Noticed a wolf
   118 | D        | Noticed a wolf
   118 | D        | Found a transporter.
   120 | D        | Killed a wolf
   120 | D        | Reached * piety under Qazlal
   121 | D        | Reached skill level 3 in Invocations
   121 | D        | Reached XP level 6. HP: 44/44 MP: 5/8
   123 | D        | Reached skill level 4 in Invocations
   124 | D        | Reached skill level 5 in Invocations
   133 | D        | Got Sif Muna's Codex of Fiery Invitation
   168 | D        | Entered arena 4.
   168 | D        | Noticed a tarantella
   168 | D        | Noticed a jumping spider
   168 | D        | Found a transporter.
   173 | D        | Killed a tarantella
   173 | D        | Reached ** piety under Qazlal
   174 | D        | Reached skill level 7 in Invocations
   174 | D        | Reached XP level 7. HP: 47/51 MP: 9/12
   178 | D        | Killed a jumping spider
   179 | D        | Reached skill level 8 in Invocations
   185 | D        | Got the amulet "Loit" {Faith Str+3}
   187 | D        | Got the +0 pair of boots of Broken Taboos {rPois Str+5
                  | Dex-3}
   197 | D        | Entered arena 5.
   197 | D        | Found the +3 robe of Clouds {*Thunder rCloud rElec}
   197 | D        | Found a transporter.
   199 | D        | Reached *** piety under Qazlal
   206 | D        | Reached XP level 8. HP: 53/56 MP: 14/14
   212 | D        | Entered arena 6.
   212 | D        | Found the +5 scythe "Finisher" {speed, execute}
   212 | D        | Noticed a merfolk
   212 | D        | Noticed a merfolk
   212 | D        | Noticed a merfolk
   212 | D        | Noticed a merfolk
   212 | D        | Noticed a merfolk
   212 | D        | Found a transporter.
   215 | D        | Killed a merfolk
   215 | D        | Reached **** piety under Qazlal
   216 | D        | Killed a merfolk
   217 | D        | Reached skill level 10 in Fighting
   217 | D        | Reached skill level 10 in Armour
   217 | D        | Reached skill level 9 in Invocations
   218 | D        | Killed a merfolk
   218 | D        | Killed a merfolk
   219 | D        | Reached skill level 10 in Shields
   219 | D        | Reached skill level 10 in Invocations
   219 | D        | Reached XP level 9. HP: 63/63 MP: 2/16
   219 | D        | Killed a merfolk
   540 | D        | Entered arena 7.
   540 | D        | Noticed a deep elf knight
   540 | D        | Noticed a deep elf knight
   540 | D        | Noticed a deep elf zephyrmancer
   540 | D        | Noticed a +1 scimitar of holy wrath
   541 | D        | Found a transporter.
   546 | D        | Reached skill level 11 in Invocations
   546 | D        | Killed a deep elf zephyrmancer
   547 | D        | Killed a deep elf knight
   548 | D        | Reached skill level 12 in Invocations
   548 | D        | Killed a deep elf knight
   549 | D        | Reached XP level 10. HP: 28/71 MP: 9/19
   550 | D        | Killed a +1 scimitar of holy wrath
   551 | D        | Reached skill level 13 in Invocations
   790 | D        | Got the ring "Garaut" {Int+3 SInv}
   800 | D        | Entered arena 8.
   800 | D        | Noticed a tentacled starspawn
   801 | D        | Reached ***** piety under Qazlal
   803 | D        | Killed a tentacled starspawn
   804 | D        | Reached skill level 10 in Maces & Flails
   804 | D        | Reached skill level 14 in Invocations
  1041 | D        | Found a transporter.
  1050 | D        | Got the ring "Feother" {Fly rC++ Dex+6}
  1054 | D        | Got the ring of Nummoifuod {rF+ rC+}
  1056 | D        | Entered arena 9.
  1056 | D        | Noticed a deep elf knight
  1056 | D        | Noticed a deep elf knight
  1056 | D        | Noticed a +2 heavy battleaxe
  1056 | D        | Noticed a deep elf pyromancer
  1056 | D        | Noticed a deep elf zephyrmancer
  1056 | D        | Noticed a +2 mace of protection
  1056 | D        | Noticed a deep elf archer
  1057 | D        | Killed a +2 heavy battleaxe
  1057 | D        | Killed a deep elf knight
  1057 | D        | Killed a +2 mace of protection
  1057 | D        | Killed a deep elf pyromancer
  1057 | D        | Killed a deep elf zephyrmancer
  1058 | D        | Reached skill level 15 in Invocations
  1058 | D        | Reached XP level 11. HP: 61/78 MP: 12/22
  1058 | D        | Killed a deep elf archer
  1059 | D        | Killed a deep elf knight
  1060 | D        | Reached skill level 16 in Invocations
  1456 | D        | Found a transporter.
  1467 | D        | Got the ring of Past Mistakes {^Contam rF+ rN++ Dex+2}
  1473 | D        | Entered arena 10.
  1473 | D        | Found the +6 lightning scales {swift, rElec}
  1473 | D        | Noticed a deep elf knight
  1473 | D        | Noticed a deep elf knight
  1473 | D        | Noticed a deep elf pyromancer
  1473 | D        | Noticed a +2 antimagic short sword
  1473 | D        | Noticed a deep elf knight
  1473 | D        | Noticed a deep elf zephyrmancer
  1473 | D        | Noticed a deep elf archer
  1473 | D        | Noticed a skyshark
  1473 | D        | a skyshark changed into a golden eye
  1474 | D        | Found a transporter.
  1475 | D        | Killed a deep elf zephyrmancer
  1475 | D        | Killed a deep elf pyromancer
  1475 | D        | Killed a deep elf knight
  1475 | D        | Killed a deep elf knight
  1475 | D        | Killed a deep elf archer
  1475 | D        | Killed a deep elf knight
  1475 | D        | Killed a +2 antimagic short sword
  1475 | D        | Reached ****** piety under Qazlal
  1476 | D        | Reached skill level 17 in Invocations
  1498 | D        | Got Jiah Afriym's Wizarding, and How To Use It
  1511 | D        | Entered arena 11.
  1511 | D        | Noticed a cyclops
  1512 | D        | Found a transporter.
  1513 | D        | Killed a cyclops
  1514 | D        | Reached skill level 18 in Invocations
  1514 | D        | Reached XP level 12. HP: 86/86 MP: 14/25
  2023 | D        | Got the Tome of Friendly Scree
  2038 | D        | Entered arena 12.
  2038 | D        | Noticed a two-headed ogre
  2038 | D        | Noticed a stone giant
  2038 | D        | Noticed a two-headed ogre
  2038 | D        | Noticed a stone giant
  2039 | D        | Noticed a frost giant
  2039 | D        | Noticed a fire giant
  2039 | D        | Noticed a two-headed ogre
  2040 | D        | Killed a two-headed ogre
  2040 | D        | Killed a stone giant
  2040 | D        | Killed a two-headed ogre
  2040 | D        | Killed a frost giant
  2040 | D        | Killed a fire giant
  2041 | D        | Reached skill level 15 in Fighting
  2041 | D        | Reached skill level 15 in Armour
  2041 | D        | Reached skill level 15 in Shields
  2041 | D        | Reached skill level 19 in Invocations
  2041 | D        | Killed a stone giant
  2041 | D        | Killed a two-headed ogre
  2316 | D        | Found a transporter.
  2324 | D        | Got the Directory of the Lofty Evil Eye
  2342 | D        | Entered arena 13.
  2776 | D        | Found a transporter.
  2796 | D        | Got Sif Muna's Anthology of Underground Transfiguration
  2811 | D        | Entered arena 14.
  2811 | D        | Noticed a fire dragon
  2811 | D        | Noticed a fire giant
  2812 | D        | Found the +0 pair of fencer's gloves {Riposte Dex+3}
  2813 | D        | Noticed a fire dragon
  2813 | D        | Noticed a fire giant
  2813 | D        | Noticed a hell hog
  2813 | D        | Identified the +5 rapier of Chaos {freeze, rC++}
  2814 | D        | Killed a hell hog
  2814 | D        | Killed a fire giant
  2815 | D        | Reached skill level 20 in Invocations
  2815 | D        | Reached XP level 13. HP: 93/95 MP: 17/27
  2815 | D        | Killed a fire dragon
  2815 | D        | Killed a fire dragon
  2815 | D        | Killed a fire giant
  3000 | D        | Found a transporter.
  3048 | D        | Entered arena 15.
  3049 | D        | Noticed a broodmother
  3052 | D        | Reached skill level 21 in Invocations
  3052 | D        | Killed a broodmother
  3055 | D        | Found a transporter.
  3148 | D        | Got the Opusculum on the Mausoleum and the Gang
  3152 | D        | Got the ring "Acaoxt" {Ice Str+2}
  3174 | D        | Entered arena 16.
  3175 | D        | Found the +3 warlock's mirror {omnireflect}
  3177 | D        | Reached skill level 15 in Maces & Flails
  3359 | D        | Found a transporter.
  3365 | D        | Got Zeud's Book of Gusty Unhallowed Deeds
  3368 | D        | Got Sif Muna's Treatise on the Twisted Wind
  3391 | D        | Entered arena 17.
  3393 | D        | Noticed a deep elf annihilator
  3394 | D        | Noticed a deep elf demonologist
  3394 | D        | Identified the +1 broad axe of Frustration {chaos, rCorr
                  | Str-2 Int+3 Stlth+}
  3394 | D        | Noticed a deep elf annihilator
  3394 | D        | Noticed a deep elf master archer
  3394 | D        | Noticed a deep elf sorcerer
  3394 | D        | Noticed a deep elf annihilator
  3395 | D        | Found a transporter.
  3396 | D        | Killed a deep elf annihilator
  3396 | D        | Killed a deep elf demonologist
  3396 | D        | Killed a deep elf master archer
  3396 | D        | Killed a deep elf sorcerer
  3396 | D        | Killed a deep elf annihilator
  3396 | D        | Killed a deep elf annihilator
  3397 | D        | Reached skill level 22 in Invocations
  3397 | D        | Gained mutation: Your large and strong wings let you fly.
                  | [Gargoyle growth]
  3397 | D        | Reached XP level 14. HP: 104/104 MP: 19/29
  3400 | D        | Reached skill level 23 in Invocations
  3449 | D        | Got the Atlas of Topological Diablerie
  3499 | D        | Entered arena 18.
  3501 | D        | Noticed a lich
  3501 | D        | Identified the ring of New Discoveries {^Drain rC+ Will++
                  | Int+5}
  3502 | D        | Killed a lich
  3504 | D        | Found a transporter.
  3571 | D        | Entered arena 19.
  3572 | D        | Noticed a rockslime
  3574 | D        | Noticed an azure jelly
  3574 | D        | Noticed a rockslime
  3574 | D        | Noticed an azure jelly
  3574 | D        | Found the +8 mithril axe "Arga" {speed, Will+}
  3574 | D        | Noticed an acid blob
  3575 | D        | Killed an azure jelly
  3575 | D        | Killed a rockslime
  3575 | D        | Killed an azure jelly
  3575 | D        | Killed an acid blob
  3576 | D        | Reached skill level 24 in Invocations
  3578 | D        | Found a transporter.
  3583 | D        | Killed a rockslime
  3638 | D        | Got Sif Muna's Treatise on Charms
  3665 | D        | Got Pyofil's Catalogue of the Energetic Crevasse
  3671 | D        | Entered arena 20.
  3675 | D        | Noticed an orc warlord
  3675 | D        | Noticed an orc warlord
  3676 | D        | Noticed an orc warlord
  3677 | D        | Killed an orc warlord
  3677 | D        | Killed an orc warlord
  3678 | D        | Reached skill level 25 in Invocations
  3679 | D        | Killed an orc warlord
  3680 | D        | Found a transporter.
  3686 | D        | Got the Precepts of Polar Shifting
  3722 | D        | Entered arena 21.
  3724 | D        | Noticed an orb of fire
  3725 | D        | Noticed an orb of fire
  3726 | D        | Noticed an orb of fire
  3726 | D        | Noticed a fire giant
  3726 | D        | Noticed a fire giant
  3726 | D        | Noticed a fire giant
  3726 | D        | Noticed a balrug
  3726 | D        | Noticed a balrug
  3726 | D        | Noticed a fire giant
  3726 | D        | Noticed a balrug
  3727 | D        | Noticed a balrug
  3728 | D        | Killed a balrug
  3728 | D        | Killed a fire giant
  3728 | D        | Killed a fire giant
  3728 | D        | Killed a balrug
  3728 | D        | Killed a balrug
  3728 | D        | Killed a fire giant
  3728 | D        | Killed a fire giant
  3729 | D        | Reached skill level 26 in Invocations
  3729 | D        | Reached XP level 15. HP: 53/113 MP: 22/32
  3729 | D        | Killed an orb of fire
  3729 | D        | Gained mutation: You are dopey. (Int -2) [an orb of fire]
  3731 | D        | Killed from afar by an orb of fire

Illustrated notes

Levels and vault maps discovered:
D:        sprint_v [room_start, room_1, room_2, room_3, room_4, room_5, room_6,
          room_7, room_8, room_9, room_10, room_11, room_12, room_13, room_14,
          room_15, room_16, room_17, room_18, room_19, room_20, room_21,
          room_22, room_23, room_24, room_25, room_26, room_27]

Skill      XL: |  1  2  3  4  5  6  7  8  9 10 11 12 13 14 |
---------------+-------------------------------------------+-----
Fighting       | 4 7 9 10 11 13 14 16 18 20 | 20.7
Armour         | 4 7 9 10 11 13 14 16 17 20 | 20.2
Shields        | 4 7 9 10 11 13 14 16 17 20 | 20.2
Maces & Flails | 3 4 6 7 9 11 12 14 15 18 | 18.4
Invocations    | 3 7 8 10 12 15 18 20 22 26 | 26.5

Action                     |  1- 3 |  4- 6 |  7- 9 | 10-12 | 13-15 || total
---------------------------+-------+-------+-------+-------+-------++-------
  Melee: Shillelagh        |     4 |     8 |    13 |     2 |    19 ||    46
 Invoke: Upheaval          |       |       |     7 |     7 |     6 ||    20
         Disaster Area     |       |       |       |     7 |     9 ||    16
    Use: Potion            |     1 |       |       |       |     1 ||     2
 Armour: Plate armour      |     1 |     4 |     9 |     6 |    12 ||    32
  Dodge: Dodged            |       |       |       |       |     1 ||     1
  Block: Kite shield       |     3 |    13 |    42 |     6 |    23 ||    87
Riposte: Shillelagh        |       |       |       |       |     9 ||     9
